 Dungeon Crawl Stone Soup version 0.26-a0-1132-ge9770dfcb6 (webtiles) character file.

Game seed: 13269869875462137159

17225 sahdkjhfkaj the Geomancer (level 11, -8/74 HPs)
             Began as a Demigod Fire Elementalist on Dec 21, 2020.
             Mangled by a six-headed hydra (10 damage)
             ... on level 3 of the Lair of Beasts.
             The game lasted 00:33:32 (25482 turns).

sahdkjhfkaj the Geomancer (DgFE)                   Turns: 25482, Time: 00:33:33

Health: -8/74      AC:  5    Str:  7    XL:     11   Next: 89%
Magic:  24/27      EV: 14    Int: 25    God:
Gold:   752        SH:  0    Dex: 16    Spells: 9/25 levels left

rFire    . . .     SeeInvis .   (no weapon)
rCold    + . .     Faith    .   (no shield)
rNeg     . . .     Spirit   .   d - +0 robe
rPois    +         Reflect  .   i - +0 helmet
rElec    .         Harm     .   o - +0 cloak
rCorr    .         Rampage  .   n - +0 pair of gloves
Will     ++...                  (no boots)
Stlth    ++........             g - amulet of magic regeneration
HPRegen  0.22/turn              D - ring of Circularity {rPois rC+ Str-4}
MPRegen  0.45/turn              w - ring of willpower

@: no status effects
A: repulsion field 1, high mp 1, wild magic 1, MP-powered wands
a: no special abilities


You were on level 3 of the Lair of Beasts.
You visited 2 branches of the dungeon, and saw 13 of its levels.
You also visited: Sewer.

You collected 752 gold pieces.

Inventory:

Hand Weapons
 a - a +3 hunting sling
Missiles
 b - 347 stones
Armour
 d - a +0 robe (worn)
 i - a +0 helmet (worn)
 n - a +0 pair of gloves (worn)
 o - a +0 cloak (worn)
Jewellery
 e - an uncursed ring of positive energy {unknown}
 g - an amulet of magic regeneration (around neck)
 q - an uncursed ring of see invisible
 w - a ring of willpower (right hand)
 D - the ring of Circularity (left hand) {rPois rC+ Str-4}
   (You found it on level 8 of the Dungeon)

   [ring of strength]

   It affects your strength (-4).
   It protects you from cold.
   It protects you from poison.
Wands
 l - a wand of flame (18)
 r - a wand of polymorph (11)
 A - a wand of acid (17)
 I - a wand of random effects (22)
Scrolls
 j - 5 scrolls of remove curse
 k - 2 scrolls of enchant armour
 m - 3 scrolls of immolation
 p - 3 scrolls of enchant weapon
 s - a scroll of noise {unknown}
 x - 2 scrolls of amnesia
 y - a scroll of fog
 E - 2 scrolls of magic mapping
 F - a scroll of random uselessness {unknown}
 G - a scroll of torment {unknown}
 H - 2 scrolls of identify
Potions
 c - a potion of cancellation
 f - 8 potions of curing
 h - a potion of flight
 t - a potion of haste
 u - 3 potions of heal wounds
 v - a potion of ambrosia {unknown}
 z - a potion of berserk rage {unknown}
 B - a potion of might {unknown}
 C - a potion of brilliance
Miscellaneous
 J - a lightning rod (4/4)


   Skills:
 - Level 4.0 Slings
 - Level 1.7 Dodging
 - Level 1.7 Stealth
 + Level 7.9 Spellcasting
 - Level 10.0 Conjurations
 + Level 7.9 Fire Magic
 - Level 10.0 Earth Magic
 * Level 1.9 Evocations


You had 9 spell levels left.
You knew the following spells:

 Your Spells              Type           Power        Failure   Level
a - Foxfire               Conj/Fire      100%         1%          1
d - Sticky Flame          Conj/Fire      63%          3%          4
f - Fireball              Conj/Fire      31%          7%          5
r - Iron Shot             Conj/Erth      33%          22%         6

Your spell library contained the following spells:

 Spells                   Type           Power        Failure   Level
 Conjure Flame            Conj/Fire      63%          1%          3
 Iskenderun's Battlesphe  Conj           67%          4%          5
 Inner Flame              Hex/Fire       38%          6%          3
 Bolt of Magma            Conj/Fire/Erth 32%          6%          5
 Mephitic Cloud           Conj/Pois/Air  34%          8%          3
 Animate Skeleton         Necr           24%          10%         1
 Apportation              Tloc           24%          10%         1
 Corona                   Hex            13%          10%         1
 Sting                    Tmut/Pois      48%          10%         1
 Summon Small Mammal      Summ           48%          10%         1
 Ignite Poison            Fire/Tmut/Pois 29%          10%         3
 Leda's Liquefaction      Hex/Erth       22%          12%         4
 Poisonous Vapours        Pois/Air       24%          14%         2
 Slow                     Hex            12%          14%         2
 Portal Projectile        Hex/Tloc       24%          26%         3
 Cause Fear               Hex            6%           61%         4
 Olgreb's Toxic Radiance  Pois           12%          61%         4
 Orb of Destruction       Conj           33%          73%         7
 Spellforged Servitor     Conj/Summ      22%          100%        7


Dungeon Overview and Level Annotations

Branches:
Dungeon (10/15)            Temple (0/1) D:4            Lair (3/6) D:8
  Sewer (visited)
  Swamp: Lair:2-4    Shoals: Lair:2-4     Snake: Lair:2-4    Spider: Lair:2-4
    Orc: D:9-12

Shops:
D:4 =*   D:8 :!   D:9 (

Annotations:
D:9 Maurice


Innate Abilities, Weirdness & Mutations

You have an increased reservoir of magic. (+10% MP)
You are surrounded by a mild repulsion field. (EV +2)
Your spells are a little harder to cast, but a little more powerful.
You expend magic power (3 MP) to strengthen your wands.


Message History

The swamp worm is engulfed in a cloud of scalding steam.
You kill the swamp worm!
Unknown command.
The tyrant leech is engulfed in a cloud of scalding steam.
The swamp worm is engulfed in a cloud of scalding steam.
The swamp worm fires a harpoon shot at you.
The harpoon shot misses you.
The tyrant leech is engulfed in a cloud of scalding steam.
Unknown command.
The six-headed hydra is engulfed in a cloud of scalding steam.
The swamp worm fires a harpoon shot at you.
The harpoon shot hits you!!
* * * LOW HITPOINT WARNING * * *
You are yanked forward by the harpoon shot.
The six-headed hydra closely misses you.
The six-headed hydra closely misses you.
The six-headed hydra bites you!
* * * LOW HITPOINT WARNING * * *
The six-headed hydra bites you!
You die...

§♣♣♣ ...♣ ##.....## ♣♣♣♣...♣♣
....... ♣≈≈≈§..§ #.....#
≈≈≈≈≈≈§♣♣ ##.....#
≈≈≈≈§≈§≈♣♣##......#####.
♣≈≈≈≈≈≈.w.♣♣.............
♣♣♣♣♣♣♣wD♣♣..............
.......@................
..............##..##...
........^.....##..### ####
####..........###..≈≈#
###≈≈≈###≈≈####.......###..≈§#
#≈§§#≈≈≈≈≈..≈≈##.....###..≈≈§#
≈≈≈# #≈...§.≈≈##....# #..≈§≈#
§≈# ##...§≈..≈##$..####..≈§≈#
.≈####...≈≈§§.≈≈##.####..§≈≈≈#


You could see a six-headed hydra, a tyrant leech and a swamp worm.

Vanquished Creatures
  A hydra (Lair:1)
  A boulder beetle (Lair:2)
  An unseen horror (D:10)
  Pikel (D:4)
  2 oklob plants (Lair:1)
  2 black mambas
  2 molten gargoyles (Lair:3)
  4 cane toads
  A centaur skeleton (D:10)
  Maggie (D:8)
  A rime drake (Lair:1)
  2 komodo dragons
  2 hornets
  Prince Ribbit (D:6)
  A meliai zombie (D:10)
  Sigmund (D:6)
  A wraith (D:10)
  A wyvern (D:9)
  15 yaks
  A basilisk (Lair:2)
  4 water moccasins
  A swamp worm (Lair:3)
  2 ice beasts
  Purgy (Sewer)
  A black bear (D:8)
  4 orc warriors
  4 phantoms
  2 sky beasts
  A necrophage (D:9)
  5 ogres
  5 centaurs
  9 wolves
  An elf zombie (D:6)
  A big kobold (D:10)
  12 bullfrogs
  A wyvern zombie (D:9)
  An elf skeleton (D:6)
  4 scorpions
  A water moccasin zombie (D:8)
  9 wights
  2 howler monkeys
  A bullfrog zombie (D:6)
  A quasit (D:6)
  3 jellies
  5 lava snakes (Lair:3)
  2 orc priests (D:10)
  Crazy Yiuf (D:4)
  8 hounds
  2 human skeletons (D:6)
  9 orc wizards
  2 bullfrog skeletons
  A gnoll shaman (D:8)
  3 iguanas
  Ijyb (D:4)
  6 worker ants
  2 hound skeletons
  A worker ant zombie (D:5)
  7 gnolls
  3 howler monkey skeletons
  14 adders
  2 river rats
  3 shadow imps
  3 white imps
  2 ufetubi (D:7)
  An adder zombie (D:5)
  2 adder skeletons
  2 worms
  A dart slug (D:3)
  3 leopard geckos
  46 orcs
  3 ball pythons
  13 bats
  7 giant cockroaches
  13 goblins
  6 hobgoblins
  8 jackals
  8 kobolds
  4 quokkas
  6 frilled lizards (D:1)
  A jackal skeleton (D:5)
  A leopard gecko skeleton (D:4)
  A leopard gecko zombie (D:5)
  An orc skeleton (D:6)
  An orc zombie (D:6)
  A quokka skeleton (D:5)
  7 rats
  2 bushes
333 creatures vanquished.

Vanquished Creatures (others)
  A bush (Lair:1)
  336 foxfires
  8 fungi
  57 plants
402 creatures vanquished.

Grand Total: 735 creatures vanquished

Notes
Turn   | Place    | Note
-------+----------+-------------------------------------------
     0 | D:1      | sahdkjhfkaj the Demigod Fire Elementalist began the quest
                  | for the Orb.
     0 | D:1      | Reached XP level 1. HP: 14/14 MP: 5/5
    40 | D:1      | Reached skill level 1 in Conjurations
    60 | D:1      | Reached XP level 2. HP: 20/20 MP: 1/7
  1373 | D:1      | Reached XP level 3. HP: 26/26 MP: 3/8
  1916 | D:2      | Found a broken altar of Ashenzari.
  2417 | D:2      | Reached XP level 4. HP: 33/33 MP: 3/10
  2535 | D:2      | Learned a level 4 spell: Sticky Flame
  3358 | D:3      | Found an iron altar of Okawaru.
  3579 | D:3      | Noticed an angel
  3580 | D:3      | Found a glowing silver altar of Zin.
  4158 | D:4      | Found Muosm's General Store.
  4180 | D:4      | Found a glowing drain.
  4534 | Sewer    | Entered a sewer
  4596 | Sewer    | Noticed Purgy
  4626 | Sewer    | Killed Purgy
  4627 | Sewer    | Reached XP level 5. HP: 19/38 MP: 1/12
  4910 | Sewer    | Learned a level 5 spell: Fireball
  5118 | D:4      | Found a staircase to the Ecumenical Temple.
  5118 | D:4      | Noticed Pikel
  5121 | D:4      | Noticed Ijyb
  5177 | D:4      | Killed Pikel
  5178 | D:4      | Reached XP level 6. HP: 21/45 MP: 1/15
  5178 | D:4      | Reached XP level 7. HP: 23/50 MP: 1/16
  5178 | D:4      | Paralysed by Ijyb for 4 turns
  5184 | D:4      | Paralysed by Ijyb for 6 turns
  5228 | D:4      | Killed Ijyb
  5337 | D:4      | Gained mutation: You expend magic power (3 MP) to
                  | strengthen your wands. [potion of mutation]
  5337 | D:4      | Gained mutation: You are surrounded by a mild repulsion
                  | field. (EV +2) [potion of mutation]
  5337 | D:4      | Gained mutation: Your spells are a little harder to cast,
                  | but a little more powerful. [potion of mutation]
  5340 | D:4      | HP: 2/50 [worker ant (3)]
  5343 | D:4      | Reached skill level 5 in Conjurations
  5343 | D:4      | Reached skill level 5 in Fire Magic
  5663 | D:4      | HP: 1/50 [ogre/+0 giant club (27)]
  6384 | D:4      | Found Feqoxuz's Jewellery Emporium.
  6984 | D:4      | Found a runed translucent door.
  6985 | D:4      | Noticed Crazy Yiuf
  7292 | D:4      | Killed Crazy Yiuf
  7475 | D:5      | Entered Level 5 of the Dungeon
  7597 | D:5      | Reached skill level 1 in Slings
  7687 | D:5      | Found a hide-covered altar of Uskayaw.
  7688 | D:5      | Noticed a +0 hand axe
  7688 | D:5      | Noticed a +0 hand axe
  7867 | D:5      | Reached XP level 8. HP: 48/57 MP: 0/18
  8733 | D:5      | Learned a level 6 spell: Iron Shot
  8777 | D:6      | Reached skill level 1 in Earth Magic
  9084 | D:6      | Noticed Prince Ribbit
  9095 | D:6      | Killed Prince Ribbit
  9168 | D:6      | Noticed Sigmund
  9175 | D:6      | Killed Sigmund
  9723 | D:6      | Reached XP level 9. HP: 62/62 MP: 14/19
  9829 | D:6      | Reached skill level 5 in Earth Magic
 10786 | D:6      | Found a shimmering blue altar of Sif Muna.
 12540 | D:8      | Noticed Maggie
 12564 | D:8      | Killed Maggie
 12820 | D:8      | Found a staircase to the Lair.
 13074 | D:8      | Found Yqeif's Book Emporium.
 13532 | D:8      | Got a sparkling marble ring
 13785 | D:8      | Found Modaj's Distillery.
 14238 | D:8      | Reached XP level 10. HP: 69/69 MP: 16/21
 14550 | D:9      | Identified the cursed ring of Circularity {rPois rC+ Str-4}
                  | (You found it on level 8 of the Dungeon)
 14709 | D:9      | Found Hoxiogowu's Weapon Shop.
 14977 | D:9      | Noticed Maurice
 16423 | D:10     | Entered Level 10 of the Dungeon
 17086 | D:10     | Killed an unseen horror
 18731 | D:10     | Found a roughly hewn altar of Beogh.
 19056 | Lair:1   | Entered Level 1 of the Lair of Beasts
 19586 | D:8      | Reached XP level 11. HP: 45/74 MP: 17/22
 19724 | Lair:1   | Found a blossoming altar of Fedhas.
 20063 | Lair:1   | Reached skill level 10 in Conjurations
 20063 | Lair:1   | Reached skill level 10 in Earth Magic
 20064 | Lair:1   | Noticed a seven-headed hydra
 20355 | Lair:1   | Reached skill level 5 in Spellcasting
 20670 | Lair:1   | Killed a seven-headed hydra
 22626 | Lair:2   | Noticed a boulder beetle
 24205 | Lair:2   | Killed a boulder beetle
 25276 | Lair:3   | Reached skill level 1 in Evocations
 25478 | Lair:3   | Noticed a six-headed hydra
 25482 | Lair:3   | HP: 2/74 [six-headed hydra (8)]
 25482 | Lair:3   | Mangled by a six-headed hydra

Illustrated notes

Levels and vault maps discovered:
D:1:      ebering_trefoil_twist, layout_basic, minmay_misc_feat_ornament,
          chequers_serial_rivers_room_b
D:2:      layout_loops_ring, nicolae_ashenzari_panopticon
D:3:      layout_loops_cross, zin_angel, okawaru_ov_weapons_minmay
D:4:      layout_rooms, minmay_temple_entry_grid, portal_sewer_entry_b,
          serial_shops, shop_statue, nicolae_shop_behind_doors,
          serial_co_window_serial, co_window_paths_a,
          co_window_of_opportunity_a, co_window_corner_a, co_window_paths_a,
          co_window_corner_a, co_window_cross_4, co_window_2corner,
          co_window_broadway_c, co_window_2corner, glass_columns_c,
          glass_columns_a, glass_columns_b, serial_park_tiny_2,
          grunt_ministairs_5, kennysheep_generic_room_11,
          uniq_crazy_yiuf_cottage, uniq_ijyb, uniq_pikel
D:5:      layout_basic, dancing_weapons_uskayaw, kennysheep_generic_room_3
D:6:      layout_layer_cave, lemuel_coloured_pillars_altar,
          nicolae_ossuary_entry_catacombs, kennysheep_boxes, uniq_sigmund,
          uniq_prince_ribbit1
D:7:      layout_basic
D:8:      layout_basic, lair_entry_dummy, serial_shops, shop, kennysheep_mini,
          uniq_maggie
D:9:      layout_basic, serial_shops, nicolae_shop_trees,
          palyth_stone_intersect, uniq_maurice
D:10:     layout_roguey, special_room [special_room_orc],
          minmay_misc_feat_square
Lair:1:   dpeg_oklob_gauntlet, layout_gridlike, basic_altar, minmay_hedge_maze
Lair:2:   layout_cave_pods, fungi_pond_lemuel, wad_woods_road_01
Lair:3:   cheibrodos_magma_flow, layout_chaotic_city, palyth_hydra_swamp_entry

Skill      XL: |  1  2  3  4  5  6  7  8  9 10 11 |
---------------+----------------------------------+-----
Conjurations   | 2 3 4 5 7 9 10 | 10.0
Spellcasting   | 2 3 4 7 |  7.9
Fire Magic     | 3 4 5 7 |  7.9
Slings         | 1 4 |  4.0
Earth Magic    | 4 7 9 10 | 10.0
Evocations     | 1 |  1.9
Dodging        | |  1.7
Stealth        | |  1.7

Action                   |  1- 3 |  4- 6 |  7- 9 | 10-12 || total
-------------------------+-------+-------+-------+-------++-------
Melee: Hunting sling     |    11 |     1 |     7 |       ||    19
       Whip              |     2 |    33 |       |       ||    35
       Unarmed           |       |       |    19 |       ||    19
 Fire: Hunting sling     |       |       |   468 |   308 ||   776
 Cast: Foxfire           |   125 |   102 |    11 |    15 ||   253
       Sticky Flame      |       |     7 |    89 |    56 ||   152
       Fireball          |       |       |       |   110 ||   110
       Iron Shot         |       |       |       |     8 ||     8
Evoke: Wand              |       |       |       |     2 ||     2
  Use: Scroll            |     1 |     8 |     4 |     7 ||    20
       Potion            |       |     5 |     6 |       ||    11
 Stab: Sleeping          |     1 |       |       |       ||     1
Armor: Robe              |     4 |    16 |    64 |    37 ||   121
       Skin              |       |       |    42 |       ||    42
Dodge: Dodged            |    22 |    73 |   205 |   232 ||   532

Table legend: (Time is in decaauts)
 A = Elapsed time spent in this place.
 B = Non-inter-level travel time spent in this place.
 C = Inter-level travel time spent in this place.
 D = Time resting spent in this place.
 E = Time spent auto-exploring this place.
 F = Levels seen in this place.
 G = Mean time per level.
                   A        B        C        D        E       F      G
               +--------+--------+--------+--------+--------+-----+--------+
         Total |  25499 |  24714 |    785 |   3993 |  17724 |  14 | 1821.4 |
       Dungeon |  19288 |  18665 |    623 |   1390 |  14851 |  10 | 1928.8 |
          Lair |   5793 |   5632 |    161 |   2347 |   2804 |   3 | 1931.0 |
         Sewer |    417 |    417 |      0 |    256 |     69 |   1 |  417.0 |
               +--------+--------+--------+--------+--------+-----+--------+

Top non-repeatable levels by time:
  Lair:1: 3445 daAuts
     D:8: 2774 daAuts
    D:10: 2496 daAuts
     D:6: 2256 daAuts
     D:3: 2187 daAuts
  Lair:2: 2027 daAuts
     D:9: 1894 daAuts
     D:4: 1821 daAuts
     D:1: 1602 daAuts
     D:7: 1539 daAuts
     D:2: 1450 daAuts
     D:5: 1265 daAuts
   Sewer: 417 daAuts
  Lair:3: 320 daAuts
